[Event "Prebor Prahy druzstev 2005 - Skupina 22"]
[Site "Praha, DDM Praha 6"]
[Date "2005.01.13"]
[Round "1.4"]
[White "Rylek, Milan"]
[Black "Krnak, Vladimir"]
[Result "1-0"]
[ECO "E99"]
[WhiteElo "1839"]
[BlackElo "1797"]
[PlyCount "79"]
[TimeControl "30/5400:2400"]

1. d4 Nf6 2. Nf3 d6 3. c4 g6 4. Nc3 Bg7 5. e4 O-O 6. Be2 e5 7. O-O Nc6 8. d5
Ne7 9. Be3 Nd7 10. Ne1 f5 11. f3 f4 12. Bf2 g5 13. a4 a5 14. Nd3 Ng6 15. c5 Nf6
16. Nb5 h5 17. cxd6 cxd6 18. Qc2 Ne8 19. Rfc1 g4 20. Nc7 Nxc7 21. Qxc7 Qf6 22.
Bb6 Nh4 23. Rc2 gxf3 24. Bxf3 Nxf3+ 25. gxf3 Bh3 26. Qc3 Rfc8 27. Qd2 Rxc2 28.
Qxc2 Qg5+ 29. Kh1 Rc8 30. Qd2 Ra8 31. Rg1 Qe7 32. Bxa5 Kh7 33. b3 Ra6 34. Bc3
Qc7 35. Qb2 Ra8 36. Nxf4 Rf8 37. Nxh3 Bh6 38. Ng5+ Bxg5 39. Rxg5 Rxf3 40. Rxh5+
1-0

[Event "Prebor Prahy druzstev 2005 - Skupina 22"]
[Site "Praha, DDM Praha 6"]
[Date "2005.01.13"]
[Round "1.6"]
[White "Chaloupka, Martin"]
[Black "Prib ml., Josef"]
[Result "0-1"]
[ECO "D52"]
[WhiteElo "1743"]
[BlackElo "1784"]
[PlyCount "54"]
[TimeControl "30/5400:2400"]

1. d4 d5 2. c4 e6 3. Nc3 Nf6 4. Bg5 Nbd7 5. Nf3 c6 6. e3 Qa5 7. Nd2 dxc4 8.
Bxf6 Nxf6 9. Bxc4 Nd5 10. Bxd5 exd5 11. O-O Bd6 12. Rc1 O-O 13. h3 Qd8 14. Nf3
f5 15. a3 Rf6 16. Ne5 f4 17. e4 Bxe5 18. dxe5 Rg6 19. Qf3 Qh4 20. Kh2 Bg4 21.
Qxf4 d4 22. Nb1 Rf8 23. Qg3 Qh6 24. Qd3 Rf3 25. Qc4+ Be6 26. Qxe6+ Rxe6 27.
gxf3 Qf4+ 0-1

[Event "Prebor Prahy druzstev 2005 - Skupina 22"]
[Site "Praha, DDM Praha 6"]
[Date "2005.01.13"]
[Round "1.8"]
[White "Stary, Rostislav"]
[Black "Safranek, David"]
[Result "1-0"]
[ECO "D53"]
[WhiteElo "1600"]
[BlackElo "1670"]
[PlyCount "143"]
[TimeControl "30/5400:2400"]

1. d4 d5 2. c4 e6 3. Nc3 Nf6 4. Bg5 Be7 5. e3 O-O 6. Bxf6
Bxf6 7. Nf3 b6 8. cxd5 exd5 9. Bd3 Re8 10. Qc2 h6 11. O-O c6 12. Ne2 Qd6 13.
Rac1 Na6 14. Bxa6 Bxa6 15. Rfe1 Bb7 16. Nf4 Rac8 17. Nd3 Be7 18. Qa4 a6 19. Rc3
c5 20. dxc5 bxc5 21. Nxc5 Bc6 22. Qxa6 Ra8 23. Qd3 Bf6 24. Rc2 d4 25. exd4
Rxe1+ 26. Nxe1 Bxd4 27. b4 Rd8 28. Qc4 Qg6 29. Nb3 Ba4 30. Nxd4 Rxd4 31. Qxd4
Bxc2 32. b5 Be4 33. Qe3 f5 34. f3 Bd5 35. a4 Qf6 36. a5 Qa1 37. Qd2 Bc4 38. b6
Ba6 39. Kf2 Qe5 40. h3 Qc5+ 41. Kg3 h5 42. Nd3 Qd6+ 43. Qf4 Qxd3 44. b7 Bxb7
45. Qb8+ Kh7 46. Qxb7 Qd6+ 47. f4 Qa3+ 48. Qf3 Qxa5 49. Qxh5+ Kg8 50. Qf3 Qe1+
51. Kh2 g6 52. g4 Qd2+ 53. Kg3 Qe1+ 54. Qf2 Qc3+ 55. Kh2 Qf6 56. Qa2+ Kf8 57.
Qa8+ Kf7 58. Qd5+ Kf8 59. Qe5 Qf7 60. Kg3 Kg8 61. Qb8+ Kh7 62. g5 Qe7 63. Qe5
Qa3+ 64. Kh4 Qf3 65. Qe7+ Kg8 66. Qe6+ Kg7 67. Qf6+ Kh7 68. Qf7+ Kh8 69. Qf8+
Kh7 70. Qh6+ Kg8 71. Qxg6+ Kf8 72. Qxf5+ 1-0

[Event "Prebor Prahy druzstev 2005 - Skupina 22"]
[Site "Praha, Viktoria Zizkov"]
[Date "2005.01.21"]
[Round "2.4"]
[White "Rylek, Milan"]
[Black "Majkrak, Petr"]
[Result "1-0"]
[ECO "D30"]
[WhiteElo "1839"]
[BlackElo "1769"]
[PlyCount "67"]
[TimeControl "30/5400:2400"]

1. d4 d5 2. c4 e6 3. e3 Nf6 4. Nc3 g6 5. Nf3 Bg7 6. Bd3 dxc4 7. Bxc4 O-O 8. O-O
Nc6 9. a3 a6 10. b4 Bd7 11. h3 Qc8 12. Nh2 e5 13. d5 Ne7 14. e4 Ne8 15. f3 Nd6
16. Bd3 f5 17. Bg5 Bf6 18. Qd2 f4 19. Bxf6 Rxf6 20. Ng4 Bxg4 21. hxg4 g5 22.
Kf2 Rh6 23. Rh1 Qf8 24. Na4 Nb5 25. Nc5 Nd4 26. Qc3 b6 27. Nd7 Qg7 28. Qxc7 Rc8
29. Qxe5 Qxe5 30. Nxe5 Rxh1 31. Rxh1 Ng6 32. Nxg6 hxg6 33. Rd1 b5 34. e5 1-0

[Event "Prebor Prahy druzstev 2005 - Skupina 22"]
[Site "Praha, Viktoria Zizkov"]
[Date "2005.01.21"]
[Round "2.5"]
[White "Svoboda, Jiri"]
[Black "Prib ml., Josef"]
[Result "0-1"]
[ECO "C35"]
[WhiteElo "1818"]
[BlackElo "1784"]
[PlyCount "80"]
[TimeControl "30/5400:2400"]

1. e4 e5 2. f4 exf4 3. Nf3 Be7 4. Bc4 Nf6 5. Nc3 O-O 6. d4 Nxe4 7. Nxe4 d5 8.
Bxd5 Qxd5 9. Nc3 Bb4 10. O-O Bxc3 11. bxc3 g5 12. Re1 Nc6 13. Ba3 Rd8 14. Be7
Nxe7 15. Rxe7 Qd6 16. Re1 Bg4 17. Qd3 Bxf3 18. Qxf3 Qd5 19. Re5 Qxf3 20. Rxg5+
Kf8 21. gxf3 Re8 22. Kf2 Re3 23. Rag1 Rd8 24. Rg8+ Ke7 25. Rxd8 Kxd8 26. c4 Rc3
27. Rc1 Kd7 28. Ke2 Ke6 29. Re1 Kd6 30. Kd2 Rxf3 31. c3 Rh3 32. Re2 b6 33. Rf2
Ke6 34. a3 Kf5 35. Kc2 Ke4 36. Kd2 f3 37. d5 a6 38. a4 a5 39. Kd1 Ke3 40. Ke1
Rh4 0-1

[Event "Prebor Prahy druzstev 2005 - Skupina 22"]
[Site "Praha, Viktoria Zizkov"]
[Date "2005.01.21"]
[Round "2.6"]
[White "Bernasek, Prokop"]
[Black "Palecek, Josef"]
[Result "0-1"]
[ECO "C00"]
[WhiteElo "1666"]
[BlackElo "1778"]
[Annotator "Bernasek, Prokop"]
[PlyCount "60"]
[TimeControl "30/5400:2400"]

1. e4 e6 2. d4 c5 3. c3 Nf6 4. Bd3 cxd4 5. cxd4 Nc6 6. Ne2 Nb4 7. O-O Nxd3 8.
Qxd3 Be7 9. Nbc3 d6 10. Qg3 O-O 11. e5 Ne8 12. Rd1 d5 13. Rd3 f6 14. Nf4 fxe5
15. dxe5 Rf5 16. Nh3 Bd7 17. a4 a5 18. Ne2 Rc8 19. Nd4 Rh5 20. Qg4 $2 {
Chyceni veze nemuze vyjit} 20... Rxe5 21. Bf4 Re4 22. f3 Rxd4 23. Rxd4 e5 24.
Qh5 exd4 25. Qxd5+ Kh8 26. Ng5 Bxg5 27. Bxg5 Nf6 28. Qf7 Qf8 29. Qb3 Bc6 30.
Re1 Re8 {Je po casovce i po partii :((} 0-1

[Event "Prebor Prahy druzstev 2005 - Skupina 22"]
[Site "Praha, Viktoria Zizkov"]
[Date "2005.01.21"]
[Round "2.7"]
[White "Chromovsky, Hynek"]
[Black "Safranek, David"]
[Result "0-1"]
[ECO "C45"]
[WhiteElo "1706"]
[BlackElo "1670"]
[PlyCount "58"]
[TimeControl "30/5400:2400"]

1. e4 e5 2. Nf3 Nc6 3. d4 exd4 4. Nxd4 Nf6 5. Nxc6 bxc6 6. Bd3
Bc5 7. O-O O-O 8. Bg5 Re8 9. Qf3 Rb8 10. Nd2 h6 11. Bh4 g5 12. Bg3 d5 13. h3
Bd6 14. b3 Bb7 15. exd5 cxd5 16. Bxd6 Qxd6 17. Rfe1 Ba6 18. Bxa6 Qxa6 19. Qc3
Qd6 20. a4 c5 21. Rad1 Rxe1+ 22. Rxe1 Re8 23. Rxe8+ Nxe8 24. Qe3 Nf6 25. b4 d4
26. Qb3 cxb4 27. Nf3 Ne4 28. Qc4 Nc3 29. Nxd4 Qxd4 0-1

[Event "Prebor Prahy druzstev 2005 - Skupina 22 (Viktoria Zizkov D - DDM B)"]
[Site "Praha, Viktoria Zizkov"]
[Date "2005.01.21"]
[Round "2.8"]
[White "Vlach, Karel"]
[Black "Brndiar, Pavel"]
[Result "1-0"]
[ECO "C50"]
[WhiteElo "1870"]
[BlackElo "1677"]
[PlyCount "55"]
[TimeControl "30/5400:2400"]

1. e4 e5 2. Nf3 Nc6 3. Bc4 Be7 4. O-O Nf6 5. d4 Nxe4 6. dxe5 Nc5 7. Be3 Ne6 8.
Nc3 d6 9. exd6 Bxd6 10. Ne4 Be7 11. Qe2 O-O 12. Rad1 Qe8 13. Rfe1 Na5 14. Bb5
c6 15. Bd3 b5 16. Neg5 Nxg5 17. Bxg5 Be6 18. Qe4 g6 19. Bh6 Qc8 20. Qe5 f6 21.
Qxe6+ Rf7 22. h4 Qc7 23. h5 Bf8 24. Bxf8 Kxf8 25. hxg6 hxg6 26. Bxg6 Rg7 27.
Qe8+ Rxe8 28. Rxe8# 1-0

[Event "Prebor Prahy druzstev 2005 - Skupina 22"]
[Site "Praha, DDM Praha 6"]
[Date "2005.01.27"]
[Round "3.7"]
[White "Safranek, David"]
[Black "Rezek Jakub"]
[Result "1/2-1/2"]
[ECO "C67"]
[WhiteElo "1670"]
[BlackElo "1792"]
[PlyCount "77"]
[TimeControl "30/5400:2400"]

1. e4 e5 2. Nf3 Nc6 3. Bb5 Nf6 4. O-O Nxe4 5. Re1 Nd6 6. Bxc6 dxc6 7. Nxe5 Be7
8. Nc3 O-O 9. d3 Nf5 10. Ne4 Be6 11. Bf4 Nh4 12. Nc4 Bd5 13. Ne3 Ng6 14. Qf3 f5
15. Nxd5 fxe4 16. Nxe7+ Qxe7 17. Rxe4 Qf6 18. Bxc7 Qxb2 19. Qd1 Rae8 20. Bg3
Rxe4 21. dxe4 Re8 22. f3 Ne5 23. Bxe5 Qxe5 24. Rb1 b6 25. Qd7 Re7 26. Qxc6 Rc7
27. Qd5+ Qxd5 28. exd5 Rxc2 29. d6 Rd2 30. Rc1 Rxd6 31. Rc8+ Kf7 32. Rc7+ Kf6
33. Rxa7 h5 34. a4 g6 35. Kf2 Rd2+ 36. Kg3 Rb2 37. Ra6 Kf5 38. a5 bxa5 39.
Rxa5+ 1/2-1/2

[Event "Prebor Prahy druzstev 2005 - Skupina 22 (Praga F - DDM B)"]
[Site "Praha, DDM Praha 6"]
[Date "2005.01.27"]
[Round "3.8"]
[White "Hala, Slavoj"]
[Black "Vlach , Karel"]
[Result "0-1"]
[ECO "B93"]
[WhiteElo "1668"]
[BlackElo "1870"]
[PlyCount "84"]
[TimeControl "30/5400:2400"]

1. Nf3 c5 2. e4 Nf6 3. Nc3 d6 4. d4 cxd4 5. Nxd4 a6 6. f4 Nc6 7. Be3 Ng4 8. Qd2
Nxe3 9. Qxe3 Qb6 10. Nd5 Qxd4 11. Qxd4 Nxd4 12. O-O-O Ne6 13. f5 Rb8 14. fxe6
fxe6 15. Nb6 e5 16. Nxc8 Rxc8 17. b3 g6 18. Bc4 Bh6+ 19. Kb2 Be3 20. Rhf1 Bd4+
21. Kb1 Rc7 22. Be6 Rf8 23. Rxf8+ Kxf8 24. Rf1+ Kg7 25. Rf7+ Kh6 26. g4 Kg5 27.
h3 h6 28. c4 b5 29. Kc2 b4 30. Kd3 a5 31. Rg7 Kf6 32. Rg8 Kxe6 33. Rxg6+ Kf7
34. Rxh6 Kg7 35. Re6 Bf2 36. Ke2 Bh4 37. Kf3 Bf6 38. g5 Kf7 39. Rxf6+ exf6 40.
Kg4 Kg6 41. h4 fxg5 42. h5+ Kf6 0-1

[Event "Prebor Prahy druzstev 2005 - Skupina 22"]
[Site "Praha, Lokomotiva"]
[Date "2005.01.31"]
[Round "4.7"]
[White "Rezanka, Frantisek"]
[Black "Safranek, David"]
[Result "1/2-1/2"]
[ECO "E04"]
[WhiteElo "1794"]
[BlackElo "1670"]
[PlyCount "61"]
[TimeControl "30/5400:2400"]

1. d4 d5 2. Nf3 Nf6 3. g3 Nbd7 4. Bg2 e6 5. c4 dxc4 6. Nbd2
Nb6 7. Qc2 Bb4 8. O-O Bd7 9. Nxc4 O-O 10. b3 Bc6 11. Bb2 Be4 12. Qc1 Qe7 13.
Ncd2 Bxd2 14. Qxd2 Rfd8 15. Qf4 Nbd5 16. Qc1 b5 17. Ne5 Bxg2 18. Kxg2 Qe8 19.
Re1 Nd7 20. Nc6 Rdc8 21. Ba3 Nb8 22. Nxb8 Raxb8 23. e4 Nf6 24. Qc5 a5 25. d5
exd5 26. exd5 Qd7 27. Rad1 Re8 28. d6 c6 29. Bb2 Rxe1 30. Rxe1 Nd5 31. Rc1
1/2-1/2

[Event "Prebor Prahy druzstev 2005 - Skupina 22"]
[Site "Praha, DDM Praha 6"]
[Date "2005.02.10"]
[Round "5.7"]
[White "Trcka, Bohdan"]
[Black "Safranek, David"]
[Result "0-1"]
[ECO "C20"]
[WhiteElo "1599"]
[BlackElo "1670"]
[Annotator "Safranek,David"]
[PlyCount "138"]
[TimeControl "30/5400:2400"]

1. e4 e5 2. Be2 {ztraci vyhodu, a po} Nf6 {je hra vyrovnana} 3. d3 ({lepe asi} 
3. Nf3) 3... d5 4. Bg5 $2 $15 {
no to je ale zahajeni, po 4. tahu uz stojim lip a to jsem cerny} (4. Nf3) 4...
dxe4 5. Bxf6 (5. Nc3) 5... Qxf6 6. dxe4 Bc5 7. Nf3 Qb6 $2 {
tento pomerne logicky tah umoznuje bilemu vyrovnat hru, no kdo by to rekl} (
7... O-O {je lepsi, ale zadny konkretni zisk jsem tam nevidel} 8. O-O Rd8) 8.
Qd5 $2 (8. O-O {vyrovnavala hru} O-O (8... Qxb2 9. Nbd2 $11) 9. Nbd2 $11) 8...
Bxf2+ (8... Be6 {davalo tempo navic pri stejne pozici} 9. Qd3 Bxf2+ 10. Kf1
Qxb2 11. Qb5+ Qxb5 12. Bxb5+ c6) (8... Qxb2 9. Qxc5 Qxa1 10. O-O {
se mi moc nelibilo}) 9. Kf1 Qxb2 10. Qb5+ Qxb5 11. Bxb5+ c6 {
no, a jak by se mi ted hodilo to Se6} 12. Bxc6+ ({lepe} 12. Kxf2 cxb5 13. Nc3)
12... Nxc6 13. Kxf2 O-O {
Dlouho jsem zvazoval, zda neni lepsi nechat krale v centru} (13... Be6) 14. Na3
Bg4 (14... f5 {lepe asi rovnou}) 15. c3 f5 16. exf5 Rxf5 17. Kg3 $2 (17. Ke3)
17... Bxf3 18. gxf3 Raf8 19. Rhf1 Rf4 $2 (19... e4 20. f4 g5 {
vazbu jsem videl, tak ani nevim ceho jsem se na tehle variante bal}) 20. Rab1
Ra4 $2 {pesec dobrej, sice mu centalizuju jezdce, ale ta vez na 2. rade} ({
ale stale bylo lepsi} 20... e4 21. Rxb7 Rxf3+ 22. Rxf3 Rxf3+) 21. Nb5 Rxa2 22.
Nd6 b6 23. Ne4 Rf4 {zbytecne jsem se bal f4 a blokoval} (23... Nd8 24. f4 exf4+
25. Rxf4 Rxf4 26. Kxf4) (23... Ne7 24. f4 exf4+ 25. Rxf4 Rxf4 26. Kxf4) 24.
Rbd1 Ne7 25. Rd8+ Kf7 26. Nd6+ {
premyslel jsem zda na e6 ci g6 a nakonec si vybral to horsi} Kg6 $2 (26... Ke6
27. Rd1 Rc2 (27... Rf6 28. h4 Rg6+ 29. Kh3 Rgg2) 28. Rd3 Rf6) 27. h4 Kh5 (27...
Rc2 28. c4) 28. Rd7 Ng6 {
nejak se mi to prestava libit, tim kralem jsem mel urcite jit jinam} ({
nasledujici variantu jsem nevidel, a tak jsem se bal obetovat jezdce} 28...
Rxh4 29. Rxe7 $2 (29. Rf2 Rxf2 30. Kxf2 Rh2+ 31. Ke1 Nd5) 29... Rah2 30. Rxe5+
g5 31. Rxg5+ Kxg5 32. Ne4+ {podobna koncovka jako vznikla v hlavni variante})
29. Rxg7 h6 30. Re1 Rxh4 $2 {posledni minutka na hodinach, stiham pocitat obet
na g6, ale Vf7 davajici bilemu sanci na remizu nevidim. Bily zacal pokrikovat,
ze vyhral na cas, tak mu to Kauc musel jit dozadu vysvetlit...} (30... Raa4)
31. Rxg6 $2 ({kdyby zahral} 31. Rf7 $1 {skoncilo by to pravdepodobne remizou}
Rf4 32. Rh1+ Nh4 33. Rxh4+ Rxh4 34. Rf5+ Kg6 35. Kxh4 Rd2 36. Ne4 Kxf5 37. Nxd2
Kf4 $11) 31... Rhh2 {chudak bily zacal bedovat, jezis co ted...} 32. Rxh6+ Kxh6
33. Rxe5 {mam kvalitu navic, ale uplatnit ji pujde hodne tezko} Rhe2 34. Rb5
Kg6 35. Kf4 Kf6 36. Ne4+ Ke6 37. c4 Rab2 38. Re5+ Kd7 39. c5 bxc5 (39... b5 {
jsem si nejak netrouf}) 40. Rxc5 Rec2 41. Ra5 Ra2 42. Rd5+ Kc7 43. Ke5 a5 44.
f4 ({dulezitejsi bylo obsadit 1. radu} 44. Rd1) 44... a4 ({
ted jsem ji mel zas pro zmenu obsadit ja} 44... Ra1) 45. f5 (45. Rd1) 45... Kb6
$2 $11 (45... Ra1) 46. f6 Rc7 47. Rd6+ Kb7 48. Ke6 (48. Rd4 $11) 48... Re2 49.
Kd5 $2 {po tomto tahu je to sice stale remiza, ale bily musi hrat presne} (49.
Rd4 $11) 49... a3 50. Nc5+ Kc8 51. Ra6 Rd2+ 52. Ke6 $2 {
zahodil posledni sanci na remizu} (52. Kc4 $11 Rc2+ 53. Kb4 R2xc5 54. f7 Rc4+
55. Kb5 R7c5+ 56. Kb6 Rf5 57. f8=Q+ Rxf8 58. Ra8+ Kd7 59. Rxf8 Rb4+ 60. Kc5 $11
) 52... Rxc5 53. Rxa3 ({nepomohlo by ani} 53. f7 Re2+ (53... Rf2 54. f8=Q+ Rxf8
55. Ra8+ Kb7 56. Rxf8 a2 57. Rf1 Kb6 $19) 54. Kd6 Rf5 55. f8=Q+ Rxf8 56. Ra8+
Kb7 57. Rxf8 a2 58. Rf1 Kb6 $19) 53... Re2+ 54. Kf7 Rf2 55. Ra6 Kd7 56. Ra7+
Rc7 57. Rxc7+ (57. Ra6 {nebylo tak primocare}) 57... Kxc7 58. Ke7 {
zubil se a rikal, ze to je remiza} Re2+ 59. Kf8 Rf2 {uplne jsem zapomnel, ze
se muze vratit na e7, nastesti 2x opakovana pozice jeste neni remiza} 60. Ke7 {
nabidl remis} Re2+ 61. Kf8 Kd8 62. f7 Rf2 63. Kg8 Ke7 {
je rozhodnuto, ale hral to az do matu, asi cekal, ze ho jeste zpatim} 64. f8=Q+
Rxf8+ 65. Kg7 Rf6 66. Kg8 Rg6+ 67. Kh8 Kf7 68. Kh7 Rf6 69. Kh8 Rh6# {me zbyvalo
5 minut, souperi 1:15, kdyby nehral tak rychle, jak je jeho zvykem, tak by to
pro nej dopadlo asi lip} 0-1

[Event "Prebor Prahy druzstev 2005 - Skupina 22"]
[Site "Praha, Vysehrad"]
[Date "2005.02.14"]
[Round "6.7"]
[White "Miksatko, Miroslav"]
[Black "Safranek, David"]
[Result "1/2-1/2"]
[ECO "D55"]
[WhiteElo "1937"]
[BlackElo "1670"]
[Annotator "Safranek, David"]
[PlyCount "86"]
[TimeControl "30/5400:2400"]

1. d4 d5 2. c4 e6 3. Nc3 Nf6 4. Bg5 Be7 5. e3 O-O 6. Nf3 h6 (6... Nbd7 7. Bxf6
Bxf6 8. cxd5) 7. Bxf6 Bxf6 8. Qc2 c5 9. dxc5 Qa5 10. cxd5 exd5 11. Bd3 (11. Be2
) 11... Nc6 12. O-O Nb4 13. Qe2 Bg4 14. Rfd1 Qxc5 15. Rac1 Nxd3 (15... Rac8)
16. Qxd3 Rac8 17. Qxd5 Bxc3 $2 ({premyslel jsem i o} 17... Qb4 18. Ne4 Bxb2 19.
Rb1 {ale nejak se mi to nezdalo}) 18. bxc3 (18. Qxb7 $4 Qb4) 18... Qxd5 19.
Rxd5 Bxf3 20. gxf3 Rc7 21. Kf1 Rfc8 {nabidl jsem remis} 22. Rd3 b5 23. Ke2 b4
24. Kd2 Kf8 25. Rb1 (25. f4) 25... bxc3+ 26. Kc2 Ke7 $2 (26... Rc4 {
bylo hodne nadejne} 27. a3 (27. Rb3 Rh4 28. Rdxc3 Rxc3+ 29. Kxc3 Rxh2 30. Rb2
h5 (30... g5 31. Kd3 h5 32. Rb5 f6 33. Ke2))) 27. Rb3 Ke6 $2 {po vymene vezi
jsem videl hlavni variantu az do 42. tahu cerneho a spravne odhadl na remiz,
bily vsak mohl odbocit s vyhrou} (27... Kf6 {jsem se zbytecne bal} 28. Rd6+ Kg5
29. Rb5+ (29. Rb4 $11) 29... Kh4 30. Rd4+ Kh3 31. Rh5+ $19 (31. Rg4 g6 {
se mi moc nelibilo, ale opak je skutecnosti} 32. Rb1 Rd8 33. Rd4 Rxd4 34. exd4
Kxh2 $19)) 28. Rdxc3 Rxc3+ 29. Rxc3 Rxc3+ $2 {
z remizove vezovky do prohrane pescovky} (29... Rb8) 30. Kxc3 Kf6 31. Kc4 (31.
Kd2 $1 Kg5 32. Ke2 Kh4 33. Kf1 Kh3 34. Kg1 {sem jsem to videl kdyz jsem menil
veze. Zdalo se mi to dobre, ale koncovka je pro bileho vyhrana protoze muze
tempovat} a6 35. f4 Kg4 36. Kg2 g6 37. h3+ Kf5 38. Kf3 Kf6 39. Ke4 Ke6 40. Kd4
$18) (31. f4 g5 (31... Kf5 32. f3 g5 33. fxg5 Kxg5 34. Kd4 Kh4 (34... h5 35.
Ke5 Kh4 36. Kf6 Kh3 37. e4 Kxh2 38. e5 h4 39. Kxf7 h3 40. e6 Kg3 41. e7 h2 42.
e8=Q h1=Q) 35. e4 $16) 32. fxg5+ Kxg5 33. Kd4) 31... Kg5 32. Kb5 $11 ({
daleko lepsi bylo} 32. Kd5 h5 33. Kd6 Kh4 34. e4 Kh3 35. e5 Kxh2 36. f4 h4 37.
f5 h3 38. e6 fxe6 39. fxe6 Kg1 40. e7 h2 41. e8=Q h1=Q 42. Qe1+ Kg2 $18) 32...
Kh4 {lepsi bylo nejdrive h5} (32... h5 33. Ka6 Kh4 34. Kxa7 Kh3 35. Kb6 h4 36.
a4 Kxh2 37. a5 h3 38. a6 Kg1 39. a7 h2 40. a8=Q h1=Q 41. Qa1+ Kg2 42. Qxg7+
Kxf2 43. Qxf7 Qxf3 $11) 33. Ka6 (33. f4 g6 $1 34. Ka6 Kh3 35. Kxa7 Kxh2 36. Kb6
(36. Kb8 h5 37. a4 h4 38. a5 h3 39. a6 Kg1 40. a7 h2 41. a8=Q h1=Q $11) 36...
h5 37. a4 h4 38. a5 h3 39. a6 Kg1 40. a7 h2 41. a8=Q h1=Q 42. Qxh1+ (42. Qa1+
Kg2) 42... Kxh1 $11) 33... Kh3 34. Kxa7 Kxh2 35. Kb6 h5 36. a4 h4 37. a5 h3 38.
a6 Kg1 39. a7 h2 40. a8=Q h1=Q 41. Qa1+ Kg2 42. Qxg7+ Kxf2 43. Qxf7 Qxf3
1/2-1/2

[Event "Prebor Prahy druzstev 2005 - Skupina 22"]
[Site "Praha, DDM Praha 6"]
[Date "2005.03.03"]
[Round "8.6"]
[White "Skacelik, Josef"]
[Black "Bernasek, Prokop"]
[Result "0-1"]
[ECO "C67"]
[WhiteElo "1693"]
[BlackElo "1666"]
[PlyCount "110"]
[TimeControl "30/5400:2400"]

1. e4 e5 2. Nf3 Nc6 3. Bb5 Nf6 4. O-O Nxe4 5. Re1 Nd6 6. Bxc6 dxc6 7. Nxe5 Be7
8. d3 O-O 9. h3 Bf6 10. Nf3 Nf5 11. c3 c5 12. Be3 b6 13. d4 cxd4 14. Bxd4 Nxd4
15. Nxd4 Bb7 16. Nb3 Qxd1 17. Rxd1 Rad8 18. Na3 Ba6 19. Nc2 c5 20. Re1 Bd3 21.
Ne3 c4 22. Nd2 b5 23. Nf3 g6 24. Rad1 b4 25. Ng4 Bg7 26. Nge5 a5 27. cxb4 axb4
28. b3 cxb3 29. axb3 Bc2 30. Rxd8 Rxd8 31. Nc6 Rd1 32. Nxb4 Rxe1+ 33. Nxe1 Bxb3
34. Ned3 Bc4 35. Kf1 Bc3 36. Kg1 Kg7 37. g3 Kf6 38. Kg2 Kf5 39. Kf3 h5 40. Ke3
h4 41. g4+ Kf6 42. Nc2 Ba5 43. Kd4 Ba6 44. Ne3 Bb6+ 45. Ke4 Bb7+ 46. Nd5+ Kg5
47. Ke5 f6+ 48. Nxf6 Bc7+ 49. Ke6 Bg2 50. Kf7 Bxh3 51. f3 Bg2 52. Ne4+ Kh6 53.
g5+ Kh5 54. Ne1 h3 55. Nd3 h2 0-1

[Event "Prebor Prahy druzstev 2005 - Skupina 22"]
[Site "Praha, DDM Praha 6"]
[Date "2005.03.03"]
[Round "8.7"]
[White "Safranek, David"]
[Black "Schmidt, Karel"]
[Result "1-0"]
[ECO "B01"]
[WhiteElo "1670"]
[BlackElo "1620"]
[Annotator "Safranek, David"]
[PlyCount "53"]
[TimeControl "30/5400:2400"]

1. e4 d5 2. exd5 Nf6 3. d4 Nxd5 4. c4 Nb6 5. Nc3 c6 6. Bf4 e6 7. Nf3 Be7 8. Qc2
Na6 9. a3 Nd7 10. Be2 Nf6 11. Rd1 Bd6 12. Ne5 Qe7 13. O-O Nc7 14. Bf3 O-O 15.
Rfe1 Re8 16. b4 a6 17. Na4 Rb8 18. Nb6 Na8 19. Nxa8 Rxa8 20. Bg5 h6 21. Bxf6
Qxf6 22. Nxc6 a5 23. c5 Bc7 24. b5 Bd7 25. b6 Bxh2+ 26. Kxh2 bxc6 27. Qa4 1-0

[Event "Prebor Prahy druzstev 2005 - Skupina 22"]
[Site "Praha"]
[Date "2005.03.08"]
[Round "9.5"]
[White "Palacek, Petr"]
[Black "Prokop, Bernasek"]
[Result "1-0"]
[ECO "D11"]
[WhiteElo "1708"]
[BlackElo "1666"]
[Annotator "Bernasek,Prokop"]
[PlyCount "34"]
[TimeControl "30/5400:2400"]

1. d4 d5 2. Nf3 Nf6 3. c4 c6 4. Nbd2 Qa5 5. e3 e6 6. Bd3
dxc4 7. Bxc4 b5 8. Bb3 Be7 9. O-O O-O 10. Ne5 Qc7 11. Ndf3 Nbd7 12. Qd3 c5 {
tady jsem pøehlídl pìsce} 13. Qxb5 {ale je za nej dobra kompenzace} a5 14. Qc6
$2 Qa7 {hrozí chycení dámy} 15. Bxe6 ({po} 15. Nxf7 {by bylo správnì Jb8})
15... Nb8 $2 ({tady jsem ale mìl hrát} 15... Nxe5 16. dxe5 Bxe6 17. exf6 Bxf6 {
to se dalo klidnì hrát, byla to moje zbrklost, proto#e ty varianty jsem mìl
propoèítaný}) 16. Bxf7+ Kh8 17. Qa4 Nbd7 {
mám málo pìscù a tak jsem to vzdal po dalsích nìkolika tazích.} 1-0